 Dungeon Crawl Stone Soup version 0.25.1-2-g60ff931df9 (webtiles) character file.

Game seed: 10104765443347013975

1156 Delamore the Basher (level 8, -11/49 HPs)
             Began as a Gargoyle Fighter on Sept 23, 2020.
             Was an Initiate of Qazlal.
             Mangled by an orc warrior
             ... wielding a +0 war axe
              (12 damage)
             ... on level 6 of the Dungeon.
             The game lasted 00:04:13 (5254 turns).

Delamore the Basher (Gargoyle Fighter)              Turns: 5254, Time: 00:04:13

Health: -11/49     AC: 15    Str: 22    XL:     8   Next: 39%
Magic:  0/8        EV:  7    Int: 13    God:    Qazlal [......]
Gold:   307        SH: 10    Dex: 16    Spells: 7/7 levels left

rFire    + . .     SeeInvis .   a - +0 flail
rCold    . . .     Gourm    .   c - +0 kite shield
rNeg     + + .     Faith    .   b - +0 scale mail
rPois    ∞         Spirit   +   y - +0 helmet
rElec    +         Reflect  .   A - +0 cloak
rCorr    +         Harm     .   (no gloves)
MR       .....                  r - +0 pair of boots
Stlth    ..........             B - amulet of guardian spirit
HPRegen  0.16/turn              C - ring of Lady Luck {rF+ rN+ Int+4 Dex+7}
MPRegen  0.11/turn              I - ring of resist corrosion

@: flying, hasted, very quick
A: negative energy resistance 1, electricity resistance, unbreathing,
petrification resistance, rot immunity, AC +5
a: Renounce Religion


You were on level 6 of the Dungeon.
You worshipped Qazlal.
Qazlal was noncommittal.
You were hungry.

You visited 2 branches of the dungeon, and saw 7 of its levels.

You collected 307 gold pieces.

Inventory:

Hand Weapons
 a - a +0 flail (weapon)
Armour
 b - a +0 scale mail (worn)
 c - a +0 kite shield (worn)
 r - a +0 pair of boots (worn)
 y - a +0 helmet (worn)
 A - a +0 cloak (worn)
Jewellery
 h - an uncursed ring of ice
 u - an uncursed ring of flight
 B - an amulet of guardian spirit (around neck)
 C - the ring of Lady Luck (left hand) {rF+ rN+ Int+4 Dex+7}
   (You found it on level 5 of the Dungeon)

   [ring of positive energy]

   It affects your intelligence (+4).
   It affects your dexterity (+7).
   It protects you from fire.
   It protects you from negative energy.
 I - a ring of resist corrosion (right hand)
 J - a -4 ring of dexterity
Wands
 w - a wand of polymorph (8)
 z - a wand of random effects (19)
 L - a wand of paralysis (8)
Scrolls
 d - 2 scrolls of teleportation
 m - a scroll of magic mapping
 o - a scroll of immolation
 p - 2 scrolls of enchant armour
 s - a scroll of noise
 t - 2 scrolls of enchant weapon
 v - 3 scrolls of remove curse
 G - a scroll of blinking {unknown}
 H - a scroll of fog {unknown}
 K - a scroll of identify
Potions
 e - a potion of might
 g - a potion of haste
 i - 2 potions of flight
 j - 3 potions of curing {unknown}
 k - 2 potions of berserk rage {unknown}
 l - a potion of heal wounds {unknown}
 n - a potion of degeneration {unknown}
 q - 2 potions of mutation {unknown}
 E - a potion of cancellation {unknown}
 F - a potion of brilliance {unknown}
Miscellaneous
 D - a phial of floods
Comestibles
 f - 10 rations


   Skills:
 - Level 5.0 Fighting
 + Level 8.7 Maces & Flails
 - Level 3.2 Armour
 - Level 5.0 Shields


You had 7 spell levels left.
You didn't know any spells.
Your spell library contained the following spells:

 Spells                   Type           Power        Failure   Level  Hunger
 Cause Fear               Hex            #.........   100%        4    #####..
 Silence                  Hex/Air        #.........   100%        5    ######.
 Yara's Violent Unravell  Hex/Tmut       #.........   100%        5    ######.
 Discord                  Hex            #.........   100%        8    #######


Dungeon Overview and Level Annotations

Branches:
Dungeon (6/15)             Temple (1/1) D:6

Altars:
Ashenzari
Fedhas
Gozag
Hepliaklqana
Kikubaaqudgha
Nemelex Xobeh
Qazlal
Sif Muna
Vehumet
Wu Jian
Xom
Yredelemnul
The Shining One

Annotations:
D:4 exclusion: statue
D:5 2 runed translucent doors


Innate Abilities, Weirdness & Mutations

You are resistant to torment.
Your stone body is resilient. (AC +5)
You are immune to poison.
You resist negative energy. (rN+)
You are resistant to electric shocks. (rElec)
You can survive without breathing.
You are immune to petrification.
You are immune to rotting.


Message History

Aim: an orc warrior, wielding a +0 war axe and wearing a +0 plate armour (heavily wounded)
You throw a javelin.
The javelin pierces through the orc warrior.
The orc warrior is heavily wounded.
You block the orc warrior's attack.
You hit the orc warrior but do no damage.
The orc warrior is heavily wounded.
You block the orc warrior's attack.
You thump the orc warrior!
The orc warrior is almost dead.
The orc warrior hits you with a +0 war axe!
* * * LOW HITPOINT WARNING * * *
It was a potion of flight.
You feel very buoyant.
You fly up into the air.
The orc warrior hits you with a +0 war axe.
* * * LOW HITPOINT WARNING * * *
It was a potion of haste.
You feel yourself speed up.
The orc warrior hits you with a +0 war axe!
You die...

. .. ...
....## ..[Z#
#w{#####
#{o@..#
#####.## ####
#..### #.>#
##...## #.##
#....# #)#
#....####.#
####.........#
....(...#.####
.P.P....#.##


You could see an orc warrior, a worm and an adder skeleton.

Vanquished Creatures
  Sigmund (D:2)
  An ice beast (D:6)
  An orc warrior (D:6)
  An ogre (D:4)
  A centaur (D:5)
  A bullfrog (D:6)
  A wight (D:5)
  A crimson imp (D:5)
  2 orc priests (D:6)
  A jelly (D:5)
  2 hounds
  3 orc wizards
  A bullfrog skeleton (D:5)
  An iguana (D:4)
  A worker ant (D:5)
  A hound zombie (D:5)
  A howler monkey skeleton (D:4)
  8 adders
  An ooze (D:1)
  An adder skeleton (D:5)
  2 worms (D:5)
  2 dart slugs
  A leopard gecko (D:1)
  11 orcs
  A bat (D:3)
  7 giant cockroaches
  3 goblins
  11 hobgoblins
  4 jackals (D:1)
  A quokka (D:5)
  2 frilled lizards (D:1)
  A giant cockroach zombie (D:5)
  7 kobolds
  A quokka skeleton (D:4)
  11 rats
96 creatures vanquished.

Notes
Turn   | Place    | Note
-------+----------+-------------------------------------------
     0 | D:1      | Delamore the Gargoyle Fighter began the quest for the Orb.
     0 | D:1      | Reached XP level 1. HP: 14/14 MP: 1/1
    17 | D:1      | You fall into a shaft and drop 1 floor!
    85 | D:2      | Reached XP level 2. HP: 19/19 MP: 2/2
   103 | D:2      | Found an ornate altar of the Wu Jian Council.
   327 | D:2      | Noticed Sigmund
   334 | D:2      | Killed Sigmund
   334 | D:2      | Reached skill level 3 in Maces & Flails
   334 | D:2      | Reached XP level 3. HP: 17/24 MP: 3/3
   334 | D:2      | Reached XP level 4. HP: 21/30 MP: 4/4
   334 | D:2      | Reached XP level 5. HP: 24/34 MP: 5/5
  1419 | D:2      | Reached XP level 6. HP: 39/40 MP: 6/6
  1861 | D:3      | Found a blossoming altar of Fedhas.
  1873 | D:2      | Reached skill level 5 in Fighting
  1882 | D:2      | Reached skill level 5 in Shields
  2061 | D:3      | Reached skill level 4 in Maces & Flails
  2497 | D:4      | Reached skill level 5 in Maces & Flails
  2749 | D:4      | Reached XP level 7. HP: 44/44 MP: 7/7
  3202 | D:4      | Found a radiant altar of Vehumet.
  3349 | D:5      | Entered Level 5 of the Dungeon
  3736 | D:5      | Found a large runed translucent door.
  3744 | D:5      | Reached skill level 6 in Maces & Flails
  3756 | D:5      | Found a large runed translucent door.
  3760 | D:5      | Found a large runed translucent door.
  3760 | D:5      | Found a large runed translucent door.
  3804 | D:5      | Got a scintillating platinum ring
  3815 | D:5      | Identified the ring of Lady Luck {rF+ rN+ Int+4 Dex+7} (You
                  | found it on level 5 of the Dungeon)
  4001 | D:5      | Reached skill level 7 in Maces & Flails
  4501 | D:5      | Found a basalt altar of Yredelemnul.
  4548 | D:6      | Reached XP level 8. HP: 49/49 MP: 8/8
  4698 | D:6      | Reached skill level 8 in Maces & Flails
  4891 | D:6      | Found a blossoming altar of Fedhas.
  4899 | D:6      | Found a staircase to the Ecumenical Temple.
  4906 | Temple   | Entered the Ecumenical Temple
  5119 | Temple   | Became a worshipper of Qazlal Stormbringer
  5252 | D:6      | HP: 2/49 [orc warrior/+0 war axe (13)]
  5254 | D:6      | Mangled by an orc warrior

Illustrated notes

Levels and vault maps discovered:
D:1:      eino_arrival_water_star, layout_rooms
D:2:      layout_basic, lemuel_coloured_pillars_altar, serial_park_tiny_2,
          uniq_sigmund
D:3:      layout_rooms, lemuel_crystal_altar, first_ration
D:4:      layout_loops_corners, vehumet_statue
D:5:      layout_basic, marbit_many_paths, minmay_hollow_rounded_squares
D:6:      layout_rooms, slow_altar_1, minmay_temple_entry_proselytizer,
          hex_tiny, minmay_misc_feat_x, fedhas_altar_1
Temple:   compressed_dpeg_triangle_lava_temple

Skill      XL: |  1  2  3  4  5  6  7  8 |
---------------+-------------------------+-----
Fighting       | 4 5 |  5.0
Maces & Flails | 3 5 7 8 |  8.7
Shields        | 4 5 |  5.0
Armour         | |  3.2

Action                   |  1- 3 |  4- 6 |  7- 9 || total
-------------------------+-------+-------+-------++-------
Melee: Flail             |    21 |   236 |   146 ||   403
Throw: Javelin           |       |     2 |     4 ||     6
  Use: Potion            |     1 |       |     2 ||     3
       Scroll            |       |       |     8 ||     8
  Eat: Chunk             |       |     6 |     4 ||    10
       Ration            |       |       |     1 ||     1
Armor: Scale mail        |     9 |   166 |    68 ||   243
Dodge: Dodged            |     3 |    99 |    31 ||   133
Block: Kite shield       |     6 |   167 |    69 ||   242
